 Dungeon Crawl Stone Soup version 0.26.1-2-gb8aa6d0cf2 (webtiles) character file.

Game seed: 3932241880639674146

107 Gadfly the Skirmisher (level 4, -1/43 HPs)
             Began as a Gargoyle Fighter on Feb 17, 2021.
             Slain by Sigmund
             ... wielding a +2 scythe of freezing
              (2 damage)
             ... on level 3 of the Dungeon.
             The game lasted 00:03:00 (2488 turns).

Gadfly the Skirmisher (Gargoyle Fighter)            Turns: 2488, Time: 00:03:00

Health: -1/43      AC: 16    Str: 19    XL:     4   Next: 85%
Magic:  5/5        EV:  5    Int:  9    God:
Gold:   161        SH:  0    Dex: 10    Spells: 3/3 levels left

rFire    . . .     SeeInvis .   a - +0 flail
rCold    . . .     Faith    .   c - +1 kite shield
rNeg     + + .     Spirit   .   l - +0 chain mail
rPois    ∞         Reflect  .   (no helmet)
rElec    +         Harm     .   (no cloak)
rCorr    .         Rampage  .   (no gloves)
Will     .....                  (no boots)
Stlth    ..........             (no amulet)
HPRegen  0.14/turn              h - +4 ring of protection
MPRegen  0.09/turn              b - ring of positive energy

@: confused, berserking, very quick
A: negative energy resistance 1, electricity resistance, unbreathing,
petrification resistance, miasma immunity, AC +3
a: no special abilities


You were on level 3 of the Dungeon.
You visited 1 branch of the dungeon, and saw 3 of its levels.

You collected 161 gold pieces.

Inventory:

Hand Weapons
 a - a +0 flail (weapon)
Armour
 c - a +1 kite shield (worn)
 l - a +0 chain mail (worn)
Jewellery
 b - a ring of positive energy (right hand)
 h - a +4 ring of protection (left hand)
 i - an uncursed ring of resist corrosion
Scrolls
 m - a scroll of teleportation {unknown}
 n - a scroll of enchant weapon {unknown}
Potions
 d - 2 potions of might
 e - 2 potions of flight
 f - a potion of degeneration {unknown}
 j - a potion of curing {unknown}
 k - a potion of lignification {unknown}


   Skills:
 + Level 3.7 Fighting
 * Level 2.6 Maces & Flails
 + Level 3.6 Armour
 + Level 3.6 Shields
 * Level 2.2 Invocations
 * Level 1.5 Evocations


You had 3 spell levels left.
You didn't know any spells.
Your spell library was empty.

Dungeon Overview and Level Annotations

Branches:
Dungeon (3/15)

Altars:

Annotations:
D:3 Sigmund


Innate Abilities, Weirdness & Mutations

You are resistant to torment.
Your stone body is resilient. (AC +3)
You are immune to poison.
You resist negative energy. (rN+)
You are resistant to electric shocks. (rElec)
You can survive without breathing.
You are immune to petrification.
You are immune to miasma.


Message History

The frilled lizard bites you but does no damage.
A red film seems to cover your vision as you go berserk!
You feel yourself moving faster!
You feel mighty! Sigmund hits you but does no damage.
The frilled lizard barely misses you.
You miss the frilled lizard. The frilled lizard closely misses you.
Sigmund barely misses you.
You closely miss the frilled lizard.
The frilled lizard bites you but does no damage.
You barely miss the frilled lizard. Sigmund completely misses you.
The frilled lizard bites you but does no damage.
You miss the frilled lizard.
The frilled lizard bites you but does no damage.
Sigmund hits you from afar with a +2 scythe of freezing.
* * * LOW HITPOINT WARNING * * *
Sigmund freezes you.
* * * LOW HITPOINT WARNING * * *
You completely miss the frilled lizard.
The frilled lizard bites you but does no damage.
Sigmund hits you from afar with a +2 scythe of freezing.
You die...

#######.##.#
#.##.#
.#...#
##.#..####
#.......†#
#.#####..# #
# #..#.#
#.>#.#
#@...#
.#####..###
#.....@l.#
...!...#.#
####..##.#
#.. #.# #..
#.# #. #.#
.. #.#


You could see Sigmund and a frilled lizard.

Vanquished Creatures
  3 adders
  An ooze (D:3)
  2 worms
  3 dart slugs
  A leopard gecko (D:1)
  3 orcs (D:3)
  8 bats
  A giant cockroach (D:3)
  7 goblins
  11 hobgoblins
  3 quokkas
  3 frilled lizards (D:2)
  4 kobolds
  8 rats
58 creatures vanquished.

Notes
Turn   | Place    | Note
-------+----------+-------------------------------------------
     0 | D:1      | Gadfly the Gargoyle Fighter began the quest for the Orb.
     0 | D:1      | Reached XP level 1. HP: 14/14 MP: 1/1
   143 | D:1      | Reached XP level 2. HP: 19/19 MP: 2/2
   388 | D:1      | Reached skill level 1 in Invocations
   535 | D:1      | Reached XP level 3. HP: 19/23 MP: 3/3
   779 | D:2      | Reached skill level 1 in Evocations
  1320 | D:2      | Reached XP level 4. HP: 27/28 MP: 5/5
  2465 | D:3      | Noticed Sigmund
  2486 | D:3      | HP: 1/43 [Sigmund/+2 scythe of freezing (2)]
  2488 | D:3      | Slain by Sigmund

Illustrated notes

Levels and vault maps discovered:
D:1:      shiori_arrival_maze, layout_loops_ring, grunt_decor_cap,
          serial_bayou_pond_e, grunt_decor_one_mirror
D:2:      layout_basic, serial_co_window_serial, co_window_paths_b,
          co_window_corner_a, co_window_cross_1, co_window_of_opportunity_a,
          co_window_paths_a, co_window_paths_c, co_window_corner_b,
          co_window_2corner, co_window_of_opportunity_c, co_window_paths_c,
          glass_columns_b, glass_columns_b, glass_columns_a, glass_columns_a,
          glass_columns_a
D:3:      layout_loops_ring, chequers_serial_rivers_room_b, uniq_sigmund,
          uniq_grinder, uniq_crazy_yiuf_cottage

Skill      XL: |  1  2  3  4 |
---------------+-------------+-----
Invocations    | 1 2 |  2.2
Evocations     | 1 |  1.5
Fighting       | |  3.7
Maces & Flails | |  2.6
Armour         | |  3.6
Shields        | |  3.6

Action                   |  1- 3 |  4- 6 || total
-------------------------+-------+-------++-------
Melee: Flail             |   155 |    74 ||   229
  Use: Scroll            |     6 |     1 ||     7
       Potion            |       |     1 ||     1
Armor: Scale mail        |    77 |     7 ||    84
       Chain mail        |       |    55 ||    55
Dodge: Dodged            |    54 |    16 ||    70
Block: Kite shield       |    74 |    28 ||   102
